Map: Frostline LE

Players

Nicoract

  • Race: Terran Terran
  • League: Master
  • Spawn Location: 7:00

Krystianer - Winner!

  • Race: Protoss Protoss
  • League: Master
  • Spawn Location: 1:00

VOD

Have the link to the VOD?

Description

Time

  • Played on: Jan. 5, 2025, 2:56 p.m.
  • Length: 8:33
Show
View Real Time Build Order
Export as new Build Order

Nicoract Terran 

Build Orders: Reaper Expand 

Get SALT Encoding   

  12  0:00  SCV  
  13  0:12  SCV  
  14  0:16  Supply Depot  
  14  0:24  SCV  
  15  0:38  SCV  
  15  0:39  Barracks  
  16  0:42  Refinery  
  16  0:50  SCV  
  17  1:02  SCV  
  18  1:14  SCV  
  19  1:26  Reaper  
  19  1:27  Orbital Command  
  20  1:43  Command Center  
  20  1:48  Supply Depot  
  20  1:52  SCV  
  21  1:58  Marine  
  22  2:04  SCV  
  22  2:06  Factory  
  23  2:16  Bunker  
  23  2:17  SCV  
  23  2:20  Refinery  
  23  2:21  Barracks Reactor  
  24  2:29  SCV  
  25  2:41  SCV  
  26  2:50  Hellion  
  28  2:53  SCV  
  28  2:55  Starport, Orbital Command  
  28  2:58  Marine x2  
  29  3:05  SCV  
  32  3:11  Hellion  
  34  3:15  Supply Depot  
  34  3:16  Marine x2  
  36  3:21  SCV x2  
  38  3:31  Medivac  
  38  3:33  Hellion  
  42  3:34  SCV  
  42  3:35  SCV  
  42  3:39  Marine x2  
  46  3:43  Supply Depot  
  46  3:47  SCV x2  
  48  3:55  Factory Tech Lab  
  48  3:57  Marine x2  
  48  3:59  SCV x2  
  48  4:01  Starport Tech Lab  
  52  4:08  Supply Depot  
  52  4:15  Marine x2  
  54  4:18  SCV  
  54  4:21  Siege Tank  
  54  4:22  Raven  
  59  4:29  SCV  
  59  4:30  Barracks, SCV  
  61  4:32  Barracks, Marine  
  61  4:33  Marine  
  60  4:44  SCV x2  
  56  4:47  Supply Depot  
  56  4:50  Refinery  
  56  4:53  Marine x2, Siege Tank, Engineering Bay  
  61  5:01  SCV x2  
  61  5:04  Refinery  
  61  5:06  Supply Depot  
  63  5:08  Starport Reactor  
  63  5:11  Marine x2  
  63  5:13  SCV x2  
  65  5:20  Supply Depot  
  65  5:28  Barracks x2  
  67  5:29  Terran Infantry Weapons Level 1  
  67  5:33  Stimpack  
  67  5:35  Factory Tech Lab  
  67  5:39  SCV x2  
  67  5:41  Marauder x2  
  71  5:42  Marine x2  
  71  5:43  Combat Shield  
  73  5:50  Supply Depot  
  73  6:01  Siege Tank  
  73  6:04  Marine x2, Marauder x2  
  77  6:14  Supply Depot  
  77  6:15  Supply Depot  
  77  6:16  Marine  
  77  6:17  Marine  
  79  6:19  Medivac x2  
  83  6:26  Supply Depot  
  83  6:28  Marauder  
  83  6:30  Marauder  
  87  6:33  Marine x2  
  87  6:38  Siege Tank  
  92  6:41  Marine x2  
  92  6:46  Supply Depot  
  94  6:51  Marauder  
  94  6:54  Marauder  
  98  6:55  Marine x2  
  100  7:02  Concussive Shells  
  100  7:03  Medivac x2  
  100  7:06  Marine x2  
  106  7:14  Marine x2, Marauder  
  110  7:16  Siege Tank  
  110  7:18  Marauder  
  115  7:24  Marine x2  
  117  7:32  Marine x2  
  117  7:35  Marauder  
  121  7:42  Marine x2, Marauder  
  125  7:44  Medivac x2  
  125  7:50  Marine x2  
  119  7:57  Marauder  
  119  7:58  Siege Tank  
  112  8:00  Marine x2  
  112  8:03  Marauder  
  96  8:08  Marine  
Show
View Real Time Build Order
Export as new Build Order

Krystianer Protoss - Winner!

Build Orders: 1 Gate Expand, Blink Stalkers, Colossus Rush 

Get SALT Encoding   

  12  0:00  Probe  
  13  0:12  Probe  
  14  0:16  Pylon  
  14  0:22  Probe  
  15  0:31  Probe  
  16  0:36  Gateway  
  16  0:39  Probe  
  16  0:45  Assimilator  
  17  0:50  Probe  
  18  1:03  Probe  
  19  1:15  Probe  
  20  1:23  Cybernetics Core  
  20  1:31  Nexus  
  20  1:34  Probe  
  21  1:41  Pylon  
  21  1:46  Probe  
  22  1:48  Assimilator  
  22  1:49  Adept  
  22  1:58  Probe  
  25  2:01  Warp Gate  
  25  2:09  Adept  
  25  2:10  Probe  
  26  2:22  Probe  
  29  2:31  Twilight Council  
  29  2:33  Blink  
  29  2:34  Probe  
  30  2:40  Stalker  
  30  2:43  Probe  
  33  2:46  Probe  
  34  2:56  Probe  
  35  2:58  Probe  
  36  3:08  Probe  
  36  3:10  Probe  
  38  3:18  Gateway  
  38  3:20  Probe  
  38  3:22  Gateway  
  38  3:23  Probe  
  40  3:28  Robotics Facility  
  40  3:32  Probe  
  41  3:35  Probe  
  42  3:41  Pylon  
  42  3:44  Probe  
  42  3:47  Probe  
  44  3:49  Stalker  
  46  3:59  Probe  
  46  4:00  Nexus  
  46  4:02  Probe  
  48  4:05  Pylon  
  48  4:11  Assimilator  
  49  4:18  Probe  
  49  4:19  Stalker x2  
  49  4:21  Stalker  
  53  4:28  Gateway  
  53  4:32  Pylon, Probe  
  53  4:33  Probe  
  55  4:44  Probe, Stalker x2  
  60  4:47  Stalker  
  60  4:50  Probe  
  60  4:51  Observer  
  63  4:56  Probe  
  65  5:01  Pylon  
  65  5:02  Probe  
  65  5:04  Robotics Bay  
  65  5:07  Forge  
  66  5:09  Probe  
  66  5:12  Probe  
  67  5:14  Probe  
  67  5:20  Probe  
  67  5:21  Probe  
  69  5:26  Probe  
  71  5:32  Gateway  
  71  5:33  Charge, Probe x2  
  71  5:34  Gateway  
  72  5:37  Gateway x2  
  72  5:39  Probe  
  72  5:40  Protoss Ground Weapons Level 1, Colossus  
  74  5:46  Gateway, Probe x2  
  76  5:55  Probe  
  73  5:58  Probe x2  
  80  6:05  Extended Thermal Lance  
  80  6:06  Pylon  
  80  6:08  Probe  
  80  6:10  Pylon  
  81  6:11  Probe  
  81  6:18  Colossus  
  81  6:20  Zealot x3  
  81  6:24  Shield Battery  
  87  6:33  Shield Battery  
  87  6:37  Zealot x3  
  99  6:43  Pylon  
  99  6:46  Sentry  
  101  6:50  Zealot  
  101  6:51  Zealot x3  
  109  6:54  Colossus  
  109  6:56  Pylon  
  109  7:06  Pylon  
  109  7:13  Zealot  
  117  7:15  Zealot x2  
  117  7:16  Pylon, Zealot x2  
  117  7:17  Pylon  
  117  7:21  Pylon  
  125  7:30  Zealot x3  
  125  7:34  Pylon  
  129  7:42  Zealot x4  
  129  7:43  Zealot  
  129  7:52  Zealot x2  
  129  7:53  Zealot  
  117  8:04  Zealot x5, Probe  
Tags
 
Add a new tag
Caveats
  • Supply blocks, unpowered buildings, or Contaminate may cause inaccurate times.
  • Supply counts are checked every 10 seconds.